 Dungeon Crawl Stone Soup version 0.24.0-13-gcf9b3192b9 (console) character file.

Game seed: 16814401074718678592, levelgen mode: deterministic

86 AlterAsc the Insei (level 4, -6/23 HPs)
             Began as a Vine Stalker Transmuter on Nov 10, 2019.
             Killed by divine providence
             ... invoked by an orc priest
              (12 damage)
             ... on level 3 of the Dungeon.
             The game lasted 00:03:00 (2239 turns).

AlterAsc the Insei (Vine Stalker Transmuter)        Turns: 2239, Time: 00:03:00

Health: -6/23      AC:  3    Str: 14    XL:     4   Next: 50%
Magic:  0/9        EV: 12    Int: 13    God:
Gold:   157        SH:  0    Dex: 14    Spells: 5/8 levels left

rFire    . . .     SeeInvis .     - Unarmed
rCold    . . .     Gourm    .   (no shield)
rNeg     . . .     Faith    .   n - +0 leather armour (curse)
rPois    .         Spirit   +   (no helmet)
rElec    .         Reflect  .   (no cloak)
rCorr    .         Harm     .   (no gloves)
MR       .....                  (no boots)
Stlth    +.........             (no amulet)
HPRegen  0.47/turn              (no ring)
MPRegen  0.11/turn              (no ring)

@: no status effects
A: fangs 2, regeneration 1, magic shield, antimagic bite, no potion heal 3, rot
immunity
a: no special abilities


You were on level 3 of the Dungeon.
You were hungry.

You visited 1 branch of the dungeon, and saw 3 of its levels.

You collected 157 gold pieces.

Inventory:

Missiles
 a - 12 arrows
Armour
 b - a +0 robe
 h - a +0 leather armour
 n - a cursed +0 leather armour (worn)
Scrolls
 e - a scroll of remove curse {unknown}
 f - a scroll of enchant armour {unknown}
 i - a scroll of amnesia {unknown}
 m - a scroll of fear {unknown}
 p - a scroll of noise {unknown}
Potions
 c - a potion of haste {unknown}
 g - a potion of heal wounds {unknown}
 j - a potion of flight {unknown}
 k - a potion of lignification {unknown}
 l - a potion of agility {unknown}
Comestibles
 d - 6 rations
 o - 2 chunks of flesh


   Skills:
 + Level 1.7 Fighting
 - Level 1.7 Dodging
 * Level 3.7 Unarmed Combat
 + Level 2.7 Spellcasting
 * Level 2.9 Transmutations


You had 5 spell levels left.
You knew the following spells:

 Your Spells              Type           Power        Failure   Level  Hunger
a - Beastly Appendage     Tmut           #.....       9%          1    #......
b - Sticks to Snakes      Tmut           #.......     14%         2    ###....

Your spell library contained the following spells:

 Spells                   Type           Power        Failure   Level  Hunger
 Spider Form              Tmut/Pois      #.........   43%         3    ###....
 Ice Form                 Ice/Tmut       #.......     85%         4    #####..
 Blade Hands              Tmut           #.........   94%         5    ######.


Dungeon Overview and Level Annotations

Branches:
Dungeon (3/15)

Altars:
Cheibriados

Annotations:
D:2 1 runed translucent door, exclusion: door, Crazy Yiuf


Innate Abilities, Weirdness & Mutations

You have extremely sharp teeth.
Your natural rate of healing is unusually fast.
When hurt, damage is shared between your health and your magic reserves.
Your bite disrupts and absorbs the magic of your enemies.
Potions cannot restore your health.
You are immune to rotting.


Message History

The orc priest is heavily wounded.
The orc priest hits you with a +0 dagger.
The orc hits you with a cursed -2 club.
* * * LOW HITPOINT WARNING * * *
You hit the orc priest.
The orc priest is almost dead.
The orc priest closely misses you.
You hit the orc priest but do no damage.
The orc priest is almost dead.
The orc hits you but does no damage.
The orc priest miscasts a cantrip.
You closely miss the orc priest. You bite the orc priest.
You kill the orc priest!
You closely miss the orc. You bite the orc, but do no damage.
The orc hits you but does no damage. The orc hits you with a +0 short sword.
* * * LOW HITPOINT WARNING * * *
The orc priest calls down the wrath of Beogh upon you.
Beogh smites you!
Ouch! That really hurt!
You die...

...#.# ### ###.#.#########
...#...............
#...##.#.......####
#..#..............
#.....#...รท...#
.......#....#.....##########
.......#......#.#.#.........
.......#.....o.o@...........
.......#..>.#.#.#.#.........
.....o.#.....o..#...######..
....o..#..oo..###..........
.......#............#.#####
.......)).........#...#..
##...####.#########.###.#
#....................#.#
#################.#.#.#


You could see an orc priest and 3 orcs.

Vanquished Creatures
  An orc priest (D:3)
  2 adders
  A dart slug (D:1)
  2 leopard geckos
  An orc (D:3)
  A giant cockroach (D:3)
  4 goblins
  4 hobgoblins (D:1)
  2 jackals (D:2)
  4 kobolds
  A quokka (D:2)
  2 bats (D:2)
  3 frilled lizards
  8 rats
36 creatures vanquished.

Notes
Turn   | Place    | Note
-------+----------+-------------------------------------------
     0 | D:1      | AlterAsc the Vine Stalker Transmuter began the quest for
                  | the Orb.
     0 | D:1      | Reached XP level 1. HP: 9/9 MP: 4/4
   397 | D:1      | Reached skill level 1 in Fighting
   581 | D:1      | Reached XP level 2. HP: 14/14 MP: 6/6
  1447 | D:2      | Reached XP level 3. HP: 18/18 MP: 5/7
  1456 | D:2      | Found a faded altar of an unknown god.
  1581 | D:2      | Found a snail-covered altar of Cheibriados.
  1622 | D:2      | Found a runed translucent door.
  1623 | D:2      | Noticed Crazy Yiuf
  1784 | D:2      | Learned a level 2 spell: Sticks to Snakes
  2211 | D:3      | Gained mutation: Your natural rate of healing is unusually
                  | fast. [Vine Stalker growth]
  2211 | D:3      | Reached XP level 4. HP: 6/22 MP: 7/9
  2239 | D:3      | Killed from afar by an orc priest

Levels and vault maps discovered:
D:1:      lightli_arrival_statuegarden, layout_loops_corners
D:2:      layout_loops_ring, lemuel_doored_altar,
          chequers_ecumenical_altar_island, uniq_crazy_yiuf_cottage
D:3:      cheibrodos_pilgrimage, layout_basic, eat_drink_and_be_merry_uskayaw,
          uniq_natasha, uniq_grinder, uniq_ijyb

Skill      XL: |  1 |
---------------+----+-----
Fighting       | 1 |  1.7
Dodging        | |  1.7
Unarmed Combat | |  3.7
Spellcasting   | |  2.7
Transmutations | |  2.9

Action                   |  1- 3 |  4- 6 || total
-------------------------+-------+-------++-------
Melee: Unarmed           |   108 |     8 ||   116
       Bite              |    24 |     2 ||    26
       Kick              |     6 |       ||     6
       Headbutt          |     3 |       ||     3
       Punch             |     1 |       ||     1
 Cast: Beastly Appendage |    19 |       ||    19
  Eat: Chunk             |     4 |       ||     4
Armor: Robe              |     4 |       ||     4
       Leather armour    |    16 |     1 ||    17
Dodge: Dodged            |    44 |     8 ||    52
